TOP OF THE 1ST |
---|
Portland Cards batting - Pitching for Orlando Calrissian : RHP Dave Heath | Pitching: RHP Dave Heath | | Batting: LHB Joel Nelson | 0-0: Ball 1-0: Foul Ball, location: 2F 1-1: Ground out 6-3 (Groundball, 6M) | Batting: RHB Aaron Scott | 0-0: Ground out U3 (Groundball, 34) | Batting: LHB Jeff Daniels | 0-0: Called Strike 0-1: Ball 1-1: Ground out 5-3 (Groundball, 56S) | Top of the 1st over - 0 runs, 0 hits, 0 errors, 0 left on base; Portland 0 - Orlando 0 | BOTTOM OF THE 1ST |
---|
Orlando Calrissian batting - Pitching for Portland Cards : RHP Manuel Fuentes | Pitching: RHP Manuel Fuentes | | Batting: RHB Jesús Gonzáles | 0-0: Ball 1-0: Called Strike 1-1: Swinging Strike 1-2: Strikes out swinging, 2-3 out at first. | Batting: RHB Gabriel Ángel | 0-0: Called Strike 0-1: Ball 1-1: Ball 2-1: SINGLE (Flyball, 78S) | Batting: LHB Juan Colón | 0-0: Ball 1-0: SINGLE (Groundball, 3) (infield hit) Gabriel Ángel to second | Batting: RHB Raúl Canó | 0-0: Ball 1-0: Ball 2-0: Foul Ball, location: 2F 2-1: SINGLE (Line Drive, 89S) Gabriel Ángel to third Juan Colón to second | Batting: SHB Tim Abbott | 0-0: Called Strike 0-1: Foul Ball, location: 2F 0-2: Ball 1-2: Ball 2-2: Strikes out swinging | Batting: LHB Danny Allen | 0-0: Called Strike 0-1: Ball 1-1: Swinging Strike 1-2: Ball 2-2: Foul Ball, location: 2F 2-2: Ball 3-2: Fly out, F8 (Flyball, 8RD) | Bottom of the 1st over - 0 runs, 3 hits, 0 errors, 3 left on base; Portland 0 - Orlando 0 | TOP OF THE 2ND |
---|
Portland Cards batting - Pitching for Orlando Calrissian : RHP Dave Heath | Batting: LHB Paul Mullins | 0-0: Ball 1-0: Fly out, F8 (Line Drive, 8RM) | Batting: RHB Eugene Gill | 0-0: Swinging Strike 0-1: Called Strike 0-2: Foul Ball, location: 2F 0-2: Ball 1-2: Strikes out swinging | Batting: LHB Bill Smith | 0-0: Called Strike 0-1: Called Strike 0-2: Ball 1-2: Strikes out looking | Top of the 2nd over - 0 runs, 0 hits, 0 errors, 0 left on base; Portland 0 - Orlando 0 | BOTTOM OF THE 2ND |
---|
Orlando Calrissian batting - Pitching for Portland Cards : RHP Manuel Fuentes | Batting: LHB Zack Payton | 0-0: Ball 1-0: Ball 2-0: Foul Ball, location: 2F 2-1: Foul Ball, location: 2F 2-2: Foul Ball, location: 2F 2-2: Ball 3-2: Fly out, F9 (Flyball, 9D) | Batting: LHB Craig Kenney | 0-0: Ball 1-0: Ball 2-0: Ball 3-0: Called Strike 3-1: Ground out 6-3 (Groundball, 6) | Batting: SHB Jason Mason | 0-0: Ball 1-0: Foul Ball, location: 2F 1-1: Called Strike 1-2: Ball 2-2: Foul Ball, location: 2F 2-2: Foul Ball, location: 2F 2-2: Ball 3-2: Strikes out looking | Bottom of the 2nd over - 0 runs, 0 hits, 0 errors, 0 left on base; Portland 0 - Orlando 0 | TOP OF THE 3RD |
---|
Portland Cards batting - Pitching for Orlando Calrissian : RHP Dave Heath | Batting: RHB Jared Thompson | 0-0: Foul Ball, location: 2F 0-1: Ball 1-1: Ball 2-1: SINGLE (Groundball, 6MD) | Batting: RHB Mario Méndez | 0-0: Ball 1-0: Called Strike 1-1: Foul Ball, location: 2F 1-2: Fly out, F7 (Flyball, 7S) | Batting: RHB Gabriel Miranda | 0-0: Called Strike 0-1: Ball 1-1: Ball 2-1: Called Strike 2-2: Ground out 3-1 (Groundball, 34S) Jared Thompson to second | Batting: LHB Joel Nelson | 0-0: Foul Ball, location: 2F 0-1: Ball 1-1: Ball 2-1: Ball 3-1: Base on Balls | Batting: RHB Aaron Scott | 0-0: Ball 1-0: Swinging Strike 1-1: Called Strike 1-2: Ball 2-2: Strikes out swinging | Top of the 3rd over - 0 runs, 1 hit, 0 errors, 2 left on base; Portland 0 - Orlando 0 | BOTTOM OF THE 3RD |
---|
Orlando Calrissian batting - Pitching for Portland Cards : RHP Manuel Fuentes | Batting: RHB Jesús Gonzáles | 0-0: Ball 1-0: Foul Ball, location: 2F 1-1: Foul Ball, location: 2F 1-2: Foul Ball, location: 2F 1-2: Ball 2-2: Fly out, F9 (Flyball, 9LS) | Batting: RHB Gabriel Ángel | 0-0: Swinging Strike 0-1: Called Strike 0-2: Ball 1-2: Ball 2-2: Ball 3-2: Strikes out swinging | Batting: LHB Juan Colón | 0-0: Ball 1-0: Called Strike 1-1: Ball 2-1: Ball 3-1: Foul Ball, location: 2F 3-2: SINGLE (Line Drive, 9LS) | Batting: RHB Raúl Canó | 0-0: Ball 1-0: Ball Wild Pitch! Juan Colón to second 2-0: SINGLE (Groundball, 6D) Juan Colón to third Runner from 3rd tries for Home, SAFE, no throw | Batting: SHB Tim Abbott | 0-0: Ball 1-0: SINGLE (Line Drive, 8LS) Raúl Canó to second | Batting: LHB Danny Allen | 0-0: Ball 1-0: Foul Ball, location: 2F 1-1: Ball 2-1: Swinging Strike 2-2: Foul Ball, location: 2F 2-2: Foul Ball, location: 2F 2-2: Ball 3-2: Foul Ball, location: 2F 3-2: Foul Ball, location: 2F 3-2: SINGLE (Flyball, 78M) Raúl Canó to third Tim Abbott to second Raúl Canó scores Tim Abbott to third | Batting: LHB Zack Payton | 0-0: Ball 1-0: Ball 2-0: Swinging Strike 2-1: 3-RUN HOME RUN (Flyball, 78XD), Distance : 392 ft | Batting: LHB Craig Kenney | 0-0: Swinging Strike 0-1: Ball 1-1: Ball 2-1: Swinging Strike 2-2: Fly out, F8 (Flyball, 8LS) | Bottom of the 3rd over - 5 runs, 5 hits, 0 errors, 0 left on base; Portland 0 - Orlando 5 | TOP OF THE 4TH |
---|
Portland Cards batting - Pitching for Orlando Calrissian : RHP Dave Heath | Batting: LHB Jeff Daniels | 0-0: Foul Ball, location: 2F 0-1: Foul Ball, location: 2F 0-2: SINGLE (Line Drive, 4D) | Batting: LHB Paul Mullins | 0-0: Ball 1-0: Ball 2-0: Ball 3-0: Called Strike 3-1: Grounds into double play, 6-4-3 (Groundball, 6) | Batting: RHB Eugene Gill | 0-0: Called Strike 0-1: Foul Ball, location: 2F 0-2: Ball 1-2: Strikes out swinging | Top of the 4th over - 0 runs, 1 hit, 0 errors, 0 left on base; Portland 0 - Orlando 5 | BOTTOM OF THE 4TH |
---|
Orlando Calrissian batting - Pitching for Portland Cards : RHP Manuel Fuentes | Batting: SHB Jason Mason | 0-0: Ball 1-0: Foul Ball, location: 2F 1-1: Called Strike 1-2: Ball 2-2: Ball 3-2: Foul Ball, location: 2F 3-2: Ground out U3 (Groundball, 34) | Batting: RHB Jesús Gonzáles | 0-0: SINGLE (Line Drive, 6D) | Pitching: RHP Ron Biller | | Batting: RHB Gabriel Ángel | 0-0: Called Strike 0-1: Foul Ball, location: 2F 0-2: Foul Ball, location: 2F 0-2: Fly out, F8 (Flyball, 8RXD) | Batting: LHB Juan Colón | 0-0: Called Strike 0-1: Foul Ball, location: 2F 0-2: Ball 1-2: Foul Ball, location: 2F 1-2: Ball 2-2: Foul Ball, location: 2F 2-2: Foul Ball, location: 2F 2-2: Fly out, F5 (Popup, 5F) | Bottom of the 4th over - 0 runs, 1 hit, 0 errors, 1 left on base; Portland 0 - Orlando 5 | TOP OF THE 5TH |
---|
Portland Cards batting - Pitching for Orlando Calrissian : RHP Dave Heath | Batting: LHB Bill Smith | 0-0: Ball 1-0: Ball 2-0: Called Strike 2-1: Called Strike 2-2: Ground out U3 (Groundball, 34) | Batting: RHB Jared Thompson | 0-0: Ball 1-0: Swinging Strike 1-1: Ball 2-1: Swinging Strike 2-2: Ground out 4-3 (Groundball, 4M) | Batting: RHB Mario Méndez | 0-0: Swinging Strike 0-1: Swinging Strike 0-2: Strikes out swinging | Top of the 5th over - 0 runs, 0 hits, 0 errors, 0 left on base; Portland 0 - Orlando 5 | BOTTOM OF THE 5TH |
---|
Orlando Calrissian batting - Pitching for Portland Cards : RHP Ron Biller | Batting: RHB Raúl Canó | 0-0: Ball 1-0: Called Strike 1-1: Ground out 4-3 (Groundball, 4) | Batting: SHB Tim Abbott | 0-0: Ball 1-0: Called Strike 1-1: Called Strike 1-2: Ball 2-2: Foul Ball, location: 2F 2-2: Foul Ball, location: 2F 2-2: Strikes out swinging | Batting: LHB Danny Allen | 0-0: Ball 1-0: Ball 2-0: Foul Ball, location: 2F 2-1: Reached on error, E4 (Groundball, 34D) | Batting: LHB Zack Payton | 0-0: Fly out, F7 (Flyball, 78D) | Bottom of the 5th over - 0 runs, 0 hits, 1 error, 1 left on base; Portland 0 - Orlando 5 | TOP OF THE 6TH |
---|
Portland Cards batting - Pitching for Orlando Calrissian : RHP Dave Heath | Batting: RHB Gabriel Miranda | 0-0: Ball 1-0: Called Strike 1-1: Ball 2-1: Called Strike 2-2: Ground out 4-3 (Groundball, 4) | Batting: LHB Joel Nelson | 0-0: Ground out 5-3 (Groundball, 5S) | Batting: RHB Aaron Scott | 0-0: Ball 1-0: Swinging Strike 1-1: Swinging Strike 1-2: Strikes out looking | Top of the 6th over - 0 runs, 0 hits, 0 errors, 0 left on base; Portland 0 - Orlando 5 | BOTTOM OF THE 6TH |
---|
Orlando Calrissian batting - Pitching for Portland Cards : RHP Ron Biller | Batting: LHB Craig Kenney | 0-0: Ball 1-0: Called Strike 1-1: Foul Ball, location: 2F 1-2: Strikes out swinging | Batting: SHB Jason Mason | 0-0: Ball 1-0: SINGLE (Groundball, 4M) (infield hit) | Batting: RHB Jesús Gonzáles | 0-0: Called Strike Jason Mason is caught stealing 2nd base 0-1: SINGLE (Line Drive, 8RS) | Batting: RHB Gabriel Ángel | 0-0: Ball 1-0: Ball 2-0: Ball 3-0: Fly out, F5 (Line Drive, 5S) | Bottom of the 6th over - 0 runs, 2 hits, 0 errors, 1 left on base; Portland 0 - Orlando 5 | TOP OF THE 7TH |
---|
Portland Cards batting - Pitching for Orlando Calrissian : RHP Dave Heath | Batting: LHB Jeff Daniels | 0-0: Swinging Strike 0-1: Ground out 4-3 (Groundball, 4) | Batting: LHB Paul Mullins | 0-0: Ball 1-0: Ball 2-0: Called Strike 2-1: Ball 3-1: Base on Balls | Batting: RHB Eugene Gill | 0-0: Called Strike 0-1: Ball 1-1: Called Strike 1-2: Strikes out swinging | Batting: LHB Bill Smith | 0-0: Ground out 3-1 (Groundball, 34) | Top of the 7th over - 0 runs, 0 hits, 0 errors, 1 left on base; Portland 0 - Orlando 5 | BOTTOM OF THE 7TH |
---|
Orlando Calrissian batting - Pitching for Portland Cards : RHP Ron Biller | Batting: LHB Juan Colón | 0-0: Fly out, F7 (Flyball, 7) | Batting: RHB Raúl Canó | 0-0: Ball 1-0: Foul Ball, location: 2F 1-1: Called Strike 1-2: Foul Ball, location: 2F 1-2: Ball 2-2: Strikes out swinging | Batting: SHB Tim Abbott | 0-0: Called Strike 0-1: Ball 1-1: Foul Ball, location: 2F 1-2: Fly out, F5 (Popup, 56D) | Bottom of the 7th over - 0 runs, 0 hits, 0 errors, 0 left on base; Portland 0 - Orlando 5 | TOP OF THE 8TH |
---|
Portland Cards batting - Pitching for Orlando Calrissian : RHP Dave Heath | Now at 1B: Júlio Negrón | | Batting: RHB Jared Thompson | 0-0: Ball 1-0: Called Strike 1-1: Foul Ball, location: 2F 1-2: Fly out, F8 (Flyball, 8RXD) | Batting: RHB Mario Méndez | 0-0: Ground out 5-3 (Groundball, 56S) | Batting: RHB Gabriel Miranda | 0-0: Ball 1-0: Ground out 6-3 (Groundball, 6) | Top of the 8th over - 0 runs, 0 hits, 0 errors, 0 left on base; Portland 0 - Orlando 5 | BOTTOM OF THE 8TH |
---|
Orlando Calrissian batting - Pitching for Portland Cards : RHP Ron Biller | Batting: LHB Danny Allen | 0-0: Ball 1-0: Swinging Strike 1-1: Ball 2-1: Swinging Strike 2-2: Ground out U3 (Groundball, 3S) | Batting: LHB Zack Payton | 0-0: Called Strike 0-1: Ball 1-1: Ball 2-1: Ball 3-1: Base on Balls | Batting: LHB Craig Kenney | 0-0: Ball 1-0: Ball 2-0: Ball 3-0: Base on Balls Zack Payton to second | Pitching: RHP Butch Ramey | | Batting: SHB Jason Mason | 0-0: Swinging Strike 0-1: Foul Ball, location: 2F 0-2: Ball 1-2: Foul Ball, location: 2F 1-2: Foul Ball, location: 2F 1-2: Foul Ball, location: 2F 1-2: Strikes out swinging | Batting: RHB Jesús Gonzáles | 0-0: Called Strike 0-1: Swinging Strike 0-2: Ball 1-2: Foul Ball, location: 2F 1-2: Ball 2-2: Fielders Choice at 2nd, U4 (Groundball, 4M) | Bottom of the 8th over - 0 runs, 0 hits, 0 errors, 2 left on base; Portland 0 - Orlando 5 | TOP OF THE 9TH |
---|
Portland Cards batting - Pitching for Orlando Calrissian : RHP Dave Heath | Now in CF: José Pérez | | Batting: LHB Joel Nelson | 0-0: Ground out 6-3 (Groundball, 6) | Batting: RHB Aaron Scott | 0-0: Ball 1-0: Ball 2-0: Ball 3-0: Foul Ball, location: 2F 3-1: Fly out, F9 (Flyball, 89S) | Batting: LHB Jeff Daniels | 0-0: Called Strike 0-1: Fly out, F7 (Flyball, 7S) | Top of the 9th over - 0 runs, 0 hits, 0 errors, 0 left on base; Portland 0 - Orlando 5 | |